 Dungeon Crawl Stone Soup version 0.24.1-8-ga250c9d538 (webtiles) character file.

Game seed: 7038829058072046695, levelgen mode: deterministic

48 Peloso the Skirmisher (level 3, 0/29 HPs)
             Began as a Demonspawn Fighter on Apr 27, 2020.
             Succumbed to an adder's poison
             ... on level 2 of the Dungeon.
             The game lasted 00:01:44 (753 turns).

Peloso the Skirmisher (Demonspawn Fighter)           Turns: 753, Time: 00:01:45

Health: 0/29       AC:  6    Str: 17    XL:     3   Next: 50%
Magic:  3/3        EV:  7    Int:  9    God:
Gold:   30         SH:  9    Dex: 12    Spells: 2/2 levels left

rFire    . . .     SeeInvis .   a - +0 long sword
rCold    . . .     Gourm    .   c - +0 shield
rNeg     . . .     Faith    .   b - +0 scale mail
rPois    .         Spirit   .   (helmet restricted)
rElec    .         Reflect  .   (no cloak)
rCorr    .         Harm     .   (no gloves)
MR       .....                  (no boots)
Stlth    ..........             (no amulet)
HPRegen  0.09/turn              (no ring)
MPRegen  0.08/turn              (no ring)

@: lethally poisoned (0 -> -7), lightly drained
A: antennae 1, claws 1
a: no special abilities


You were on level 2 of the Dungeon.
You were not hungry.

You visited 1 branch of the dungeon, and saw 2 of its levels.

You collected 30 gold pieces.

Inventory:

Hand Weapons
 a - a +0 long sword (weapon)
Armour
 b - a +0 scale mail (worn)
 c - a +0 shield (worn)
Scrolls
 e - a scroll of immolation {unknown}
 h - a scroll of enchant armour {unknown}
 i - a scroll of teleportation {unknown}
 j - a scroll of amnesia {unknown}
 k - a scroll of random uselessness {unknown}
 m - a scroll of blinking {unknown}
Potions
 d - a potion of might
 g - 3 potions of curing {unknown}
 l - a potion of mutation {unknown}
Comestibles
 f - 3 rations


   Skills:
 + Level 3.3 Fighting
 + Level 2.5 Long Blades
 + Level 2.9 Armour
 + Level 0.3(0.2) Dodging
 + Level 3.1 Shields


You had 2 spell levels left.
You didn't know any spells.
Your spell library was empty.

Dungeon Overview and Level Annotations

Branches:
Dungeon (2/15)

Altars:


Innate Abilities, Weirdness & Mutations

You have a pair of small antennae on your head.
You have sharp fingernails.


Message History

You barely miss the adder.
The adder is severely wounded.
The adder bites you.
* * * LOW HITPOINT WARNING * * *
The adder bites you but does no damage.
Your shield and scale mail prevent you from hitting the adder.
The adder is severely wounded.
You block the adder's attack.
You miss the adder.
The adder is severely wounded.
You block the adder's attack. x2
You hit the adder.
The adder is almost dead.
The adder bites you but does no damage. The adder bites you.
* * * LOW HITPOINT WARNING * * *
You are lethally poisoned!
The adder poisons you!
You closely miss the adder.
The adder is almost dead.
You die...

######### #...S@..########
#.#####......... #.........#
#######.# # #.#.#######
#.....>.. ##.# #.#.#
.......... .....#..##
#.#####.#.###.##.#..#
#....##.#........##.#
####.##<#........##.######.#


You could see an adder.

Vanquished Creatures
  An adder (D:2)
  An ooze (D:1)
  A leopard gecko (D:1)
  2 giant cockroaches
  7 goblins
  2 hobgoblins (D:1)
  4 jackals (D:2)
  A ball python (D:2)
  3 bats
  3 frilled lizards
  5 kobolds
  A rat (D:1)
31 creatures vanquished.

Notes
Turn   | Place    | Note
-------+----------+-------------------------------------------
     0 | D:1      | Peloso the Demonspawn Fighter began the quest for the Orb.
     0 | D:1      | Reached XP level 1. HP: 18/18 MP: 1/1
   100 | D:1      | Gained mutation: You have a pair of small antennae on your
                  | head. [demonic ancestry]
   100 | D:1      | Reached XP level 2. HP: 24/24 MP: 2/2
   612 | D:2      | Gained mutation: You have sharp fingernails. [demonic
                  | ancestry]
   612 | D:2      | Reached XP level 3. HP: 27/29 MP: 3/3
   690 | D:2      | HP: 1/29 [ball python (1)]
   752 | D:2      | HP: 1/29 [adder (2)]
   753 | D:2      | Succumbed to an adder's poison

Levels and vault maps discovered:
D:1:      minmay_arrival_four_circles, layout_basic
D:2:      layout_loops_ring, tso_metal_star, gammafunk_temple_overflow_elements,
          makhleb_blood_cavern_becter

Skill      XL: |  1 |
---------------+----+-----
Long Blades    | 2 |  2.5
Shields        | 3 |  3.1
Fighting       | |  3.3
Armour         | |  2.9
Dodging        | |  0.3

Action                   || total
-------------------------++-------
Melee: Long sword        ||   103
Armor: Scale mail        ||    68
Dodge: Dodged            ||    44
Block: Shield            ||    58
       Rpst.: Long sword ||    15
